Map: Ultralove

Players

HeroMarine - Winner!

  • Race: Terran Terran
  • Spawn Location: 1:00

Kelazhur

  • Race: Terran Terran
  • League: Master
  • Spawn Location: 7:00

Event: HomeStory Cup XXVII

VOD

Have the link to the VOD?

Description

Time

  • Played on: June 28, 2025, 2:45 p.m.
  • Length: 9:47

All games in this series

Show
View Real Time Build Order
Export as new Build Order

HeroMarine Terran - Winner!

Build Orders:  

Get SALT Encoding   

  12  0:00  SCV  
  13  0:12  SCV  
  14  0:17  Supply Depot  
  14  0:24  SCV  
  15  0:38  SCV  
  15  0:40  Barracks  
  16  0:43  Refinery  
  16  0:50  SCV  
  16  0:55  Refinery  
  17  1:02  SCV  
  18  1:14  SCV  
  19  1:27  Orbital Command, Reaper  
  19  1:32  Supply Depot  
  20  1:41  Factory  
  20  1:52  SCV  
  21  1:59  Reaper  
  22  2:05  SCV  
  23  2:16  Command Center  
  23  2:18  SCV  
  24  2:24  Hellion  
  26  2:30  SCV  
  26  2:31  Barracks Reactor  
  27  2:38  Starport  
  27  2:42  SCV  
  28  2:45  Factory Tech Lab  
  28  2:49  Supply Depot  
  28  2:54  SCV  
  29  3:06  SCV  
  29  3:08  Marine  
  29  3:10  Cyclone, Marine  
  35  3:16  Medivac  
  35  3:18  SCV  
  38  3:26  Marine  
  39  3:28  Marine  
  39  3:29  Orbital Command  
  39  3:32  SCV  
  41  3:35  Refinery  
  41  3:43  Marine, Siege Tank  
  41  3:46  Marine  
  41  3:48  SCV  
  47  3:53  Viking  
  49  3:58  Supply Depot  
  49  4:05  Marine, SCV x2  
  49  4:06  Marine  
  54  4:17  SCV  
  54  4:20  SCV  
  55  4:27  Siege Tank  
  55  4:29  SCV  
  58  4:32  SCV  
  55  4:41  SCV  
  55  4:44  SCV  
  55  4:45  Supply Depot  
  54  4:50  Viking x2  
  58  4:53  SCV  
  58  4:56  SCV  
  58  4:59  Command Center  
  60  5:05  SCV  
  60  5:07  Siege Tank  
  64  5:08  SCV  
  64  5:09  Supply Depot  
  64  5:15  Marine  
  64  5:17  SCV  
  64  5:20  Viking  
  64  5:21  Viking  
  70  5:27  SCV  
  71  5:29  SCV  
  72  5:39  SCV, Siege Tank  
  72  5:41  SCV  
  76  5:43  Barracks Reactor  
  76  5:44  Refinery  
  76  5:49  Starport  
  75  5:51  SCV  
  75  5:53  SCV  
  75  5:55  Viking  
  79  5:58  Viking  
  79  5:59  Supply Depot  
  79  6:04  SCV  
  81  6:06  SCV  
  82  6:14  Siege Tank  
  82  6:16  SCV  
  82  6:18  SCV  
  82  6:25  Refinery  
  80  6:27  Viking, Refinery  
  80  6:28  Viking, SCV  
  80  6:30  SCV  
  86  6:34  Supply Depot  
  86  6:36  Supply Depot  
  86  6:40  SCV  
  86  6:42  Viking, SCV  
  86  6:45  Viking  
  80  6:56  Siege Tank  
  80  7:00  Orbital Command  
  82  7:01  Viking  
  82  7:02  Viking  
  82  7:04  SCV x2  
  88  7:12  Engineering Bay  
  88  7:16  SCV x2  
  88  7:19  Viking  
  88  7:20  Viking  
  94  7:28  SCV x2  
  94  7:29  SCV  
  100  7:30  Siege Tank  
  100  7:31  Viking  
  100  7:34  Viking  
  104  7:41  SCV  
  104  7:42  Barracks Reactor, SCV  
  104  7:44  Starport, SCV  
  106  7:50  Viking  
  102  7:51  Viking  
  104  7:59  SCV  
  104  8:00  SCV  
  104  8:01  SCV  
  104  8:04  Viking x2  
  89  8:16  Siege Tank  
  89  8:19  Viking  
  90  8:21  Viking  
  90  8:23  Command Center  
  92  8:34  Sensor Tower, SCV x3  
  94  8:35  Viking  
  94  8:36  Viking  
  94  8:39  Armory  
  99  8:44  Viking  
  99  8:45  Viking  
  99  8:46  SCV  
  99  8:48  Siege Tank  
  107  8:54  SCV x2  
  109  8:58  SCV  
  109  8:59  Supply Depot x2  
  109  9:02  Viking, Refinery  
  112  9:03  Refinery  
  112  9:05  Viking  
  112  9:06  SCV  
  115  9:12  Factory  
  115  9:16  SCV  
  115  9:17  SCV  
  122  9:18  SCV  
  120  9:29  SCV x2  
  120  9:30  SCV  
Show
View Real Time Build Order
Export as new Build Order

Kelazhur Terran 

Build Orders:  

Get SALT Encoding   

  12  0:00  SCV  
  13  0:12  SCV  
  14  0:16  Supply Depot  
  14  0:24  SCV  
  15  0:38  SCV  
  15  0:39  Barracks  
  15  0:42  Refinery  
  16  0:50  SCV  
  16  0:52  Refinery  
  17  1:02  SCV  
  18  1:14  SCV  
  19  1:26  Orbital Command, Reaper  
  19  1:29  Supply Depot  
  20  1:40  Factory  
  20  1:52  SCV  
  21  1:58  Reaper  
  22  2:04  SCV  
  23  2:14  Command Center  
  23  2:16  SCV  
  24  2:23  Hellion  
  24  2:28  SCV  
  27  2:31  Barracks Reactor  
  27  2:33  Supply Depot  
  27  2:41  Starport  
  27  2:42  SCV  
  28  2:46  Factory Tech Lab  
  28  2:54  SCV  
  29  3:06  SCV  
  29  3:07  Marine x2  
  29  3:10  Siege Tank  
  35  3:14  Refinery  
  35  3:18  SCV  
  36  3:24  Marine x2  
  36  3:26  Orbital Command  
  38  3:31  Medivac  
  38  3:33  SCV  
  41  3:42  Marine x2  
  41  3:46  Cyclone  
  41  3:48  SCV  
  47  3:53  Supply Depot  
  47  3:59  SCV  
  47  4:00  SCV  
  48  4:07  Viking, Marine  
  48  4:08  Marine  
  51  4:12  SCV x2  
  53  4:19  Supply Depot  
  53  4:28  SCV  
  53  4:29  Marine x2  
  53  4:31  SCV  
  47  4:39  Siege Tank  
  47  4:40  SCV  
  47  4:41  Starport Tech Lab  
  47  4:44  SCV  
  47  4:45  Starport  
  49  4:46  Supply Depot  
  49  4:52  SCV  
  49  4:56  SCV  
  49  4:57  Viking x2  
  55  5:05  SCV  
  56  5:07  Marine  
  56  5:09  SCV  
  56  5:11  Siege Tank  
  61  5:17  SCV  
  61  5:20  Supply Depot  
  61  5:21  SCV  
  63  5:24  Viking  
  63  5:26  Marine  
  63  5:27  Viking  
  68  5:29  SCV  
  68  5:30  Viking  
  68  5:35  Refinery, SCV  
  72  5:39  Supply Depot  
  72  5:43  Marine  
  72  5:44  SCV  
  72  5:47  SCV  
  72  5:56  SCV  
  69  5:57  Viking  
  69  5:59  SCV  
  69  6:00  Viking  
  69  6:02  Siege Tank  
  76  6:10  SCV  
  73  6:11  SCV  
  73  6:13  Viking  
  73  6:14  Marine  
  75  6:23  SCV  
  74  6:27  Viking  
  74  6:30  Viking  
  74  6:31  Supply Depot  
  76  6:33  SCV  
  76  6:35  SCV  
  76  6:38  Siege Tank  
  81  6:44  Marine  
  81  6:46  SCV  
  78  6:57  SCV  
  78  7:00  Viking x2  
  83  7:02  Viking  
  85  7:09  SCV x2  
  90  7:15  Siege Tank  
  90  7:31  Liberator  
  90  7:34  Viking  
  94  7:44  Viking  
  88  7:54  Siege Tank  
  88  7:58  SCV x2  
  79  8:11  Viking, Marine  
  72  8:14  Viking  
  72  8:16  SCV  
  68  8:21  Viking  
  70  8:28  Command Center, Engineering Bay, Siege Tank  
  70  8:30  SCV  
  70  8:31  SCV  
  75  8:39  Marine  
  76  8:42  Viking  
  76  8:43  Viking  
  76  8:46  Supply Depot, SCV  
  76  8:47  SCV  
  82  8:55  Barracks  
  82  8:57  Barracks x2  
  82  8:58  SCV  
  82  8:59  SCV  
  82  9:00  Barracks  
  83  9:10  Viking  
  83  9:11  Viking  
  83  9:12  SCV x2  
  83  9:13  Viking  
  89  9:24  SCV  
  89  9:26  Refinery  
  89  9:28  Refinery  
Tags
 
League
Master
Matchup
TvT
Race
Terran
Replay Pack
hsc27
Spawn Locations
Cross Positions
Add a new tag
Caveats
  • Supply blocks, unpowered buildings, or Contaminate may cause inaccurate times.
  • Supply counts are checked every 10 seconds.